 Dungeon Crawl Stone Soup version 0.26.0-45-g9c1d065592 (webtiles) character file.

Game seed: 12942629493310992518

207247 Destapler the Warrior (level 18, -10/213 (223) HPs)
             Began as a Gnoll Wanderer on Jan 24, 2021.
             Was the Champion of Hepliaklqana.
             Mangled by an emperor scorpion (13 damage)
             ... on level 4 of the Spider Nest on Jan 29, 2021.
             The game lasted 03:22:08 (32103 turns).

Destapler the Warrior (Gnoll Wanderer)             Turns: 32103, Time: 03:22:08

HP:   -10/213 (223) AC: 31    Str: 21    XL:     18   Next: 74%
MP:   21/34         EV: 19    Int: 10    God:    Hepliaklqana [******]
Gold: 871           SH: 14    Dex: 20    Spells: 41/41 levels left

rFire    + + .     SeeInvis +   a - +7 falchion (elec)
rCold    . . .     Faith    .   y - +0 kite shield
rNeg     + . .     Spirit   .   V - +8 scale mail of Ru's Whim {Regen+}
rPois    +         Reflect  .   G - +2 hat {Will+}
rElec    +         Harm     .   e - +0 cloak
rCorr    +         Rampage  .   S - +2 pair of gloves
Will     ++...                  Z - +1 pair of boots of Xodas {+Blink +Inv rC- SInv}
Stlth    ..........             d - amulet "Xuducroq" {rPois rN+ Regen+ Int-3}
HPRegen  1.65/turn              Q - ring of Zoostroo {rF+ AC+4 Dex+2 Stlth-}
MPRegen  0.24/turn              A - +4 ring of slaying

@: berserking, resistant, studying Crossbows, lightly drained, very quick
A: distributed training, reduced essence, fangs 1, poison resistance,
regeneration 1, robust 1, strong nose
}: 1/15 runes: decaying
a: Renounce Religion, Evoke Blink, Evoke Invisibility, Recall Ancestor, Ancestor
Identity, Transference, Idealise


You were on level 4 of the Spider Nest.
You worshipped Hepliaklqana.
Hepliaklqana was exalted by your worship.
You visited 5 branches of the dungeon, and saw 30 of its levels.
You also visited: Gauntlet.

You collected 3160 gold pieces.
You spent 2289 gold pieces at shops.

Inventory:

Hand Weapons
 a - a +7 falchion of electrocution (weapon)
 b - a +2 demon trident of electrocution
 w - the +4 hand crossbow "Noecen Murph" {venom, Stlth+}
   (You found it on level 4 of the Swamp)

   It poisons the ammo it fires.
   It makes you more stealthy.
Missiles
 f - 40 boomerangs
 k - 195 bolts
 n - 12 poisoned darts
 s - 15 curare-tipped darts
 P - 19 silver javelins
Armour
 e - a +0 cloak (worn)
 y - a +0 kite shield (worn)
 G - a +2 hat of willpower (worn)
 S - a +2 pair of gloves (worn)
 V - the +8 scale mail of Ru's Whim (worn) {Regen+}
   (You found it in a Gauntlet)

   It increases your rate of regeneration.
 Z - the +1 pair of boots of Xodas (worn) {+Blink +Inv rC- SInv}
   (You acquired it on level 3 of the Swamp)

   It makes you vulnerable to cold.
   It lets you see invisible.
   It lets you turn invisible.
   It lets you blink.
Jewellery
 d - the amulet "Xuducroq" (around neck) {rPois rN+ Regen+ Int-3}
   (You acquired it on level 14 of the Dungeon)

   [amulet of regeneration]

   It affects your intelligence (-3).
   It protects you from poison.
   It protects you from negative energy.
   It increases your rate of regeneration.
 x - an uncursed ring of resist corrosion
 A - a +4 ring of slaying (right hand)
 Q - the ring of Zoostroo (left hand) {rF+ AC+4 Dex+2 Stlth-}
   (You took it off a minotaur in a Gauntlet)

   [ring of protection]

   It affects your AC (+4).
   It affects your dexterity (+2).
   It protects you from fire.
   It makes you less stealthy.
 Y - an uncursed ring of protection from cold
Wands
 o - a wand of paralysis (11) (quivered)
 z - a wand of disintegration (11)
 B - a wand of enslavement (8)
 D - a wand of digging (2)
 F - a wand of acid (7)
 I - a wand of polymorph (9)
 U - a wand of iceblast (10)
Scrolls
 h - 14 scrolls of remove curse
 i - 13 scrolls of teleportation
 m - 3 scrolls of fear
 p - 3 scrolls of blinking
 q - a scroll of immolation
 r - 23 scrolls of identify
 t - a scroll of magic mapping
 u - 4 scrolls of fog
 H - a scroll of summoning {unknown}
 N - 5 scrolls of enchant armour
Potions
 c - 6 potions of curing
 g - 8 potions of flight
 j - a potion of resistance
 l - 2 potions of berserk rage
 v - a potion of magic
 C - a potion of heal wounds
 E - a potion of might
 J - 4 potions of attraction
 K - a potion of ambrosia
 O - 2 potions of cancellation
 T - 3 potions of haste
Books
 L - a manual of Crossbows


   Skills:
 + Level 15.4 Fighting
 + Level 12.3 Short Blades
 + Level 12.6 Long Blades
 + Level 12.3 Axes
 + Level 12.3 Maces & Flails
 + Level 12.3 Polearms
 + Level 12.3 Staves
 + Level 12.3 Slings
 + Level 12.6 Bows
 + Level 13.9 Crossbows
 + Level 12.6 Throwing
 + Level 12.3 Armour
 + Level 12.3 Dodging
 + Level 12.5 Stealth
 + Level 12.6 Shields
 + Level 12.3 Unarmed Combat
 + Level 12.3 Spellcasting
 + Level 10.6 Conjurations
 + Level 10.6 Hexes
 + Level 10.6 Summonings
 + Level 10.6 Necromancy
 + Level 10.6 Translocations
 + Level 10.6 Transmutations
 + Level 10.6 Fire Magic
 + Level 10.6 Ice Magic
 + Level 10.6 Air Magic
 + Level 10.6 Earth Magic
 + Level 10.6 Poison Magic
 + Level 13.3 Invocations
 + Level 12.3 Evocations


You had 41 spell levels left.
You didn't know any spells.
Your spell library contained the following spells:

 Spells                   Type           Power        Failure   Level
 Apportation              Tloc           54%          1%          1
 Freeze                   Ice            100%         1%          1
 Magic Dart               Conj           100%         1%          1
 Summon Small Mammal      Summ           100%         1%          1
 Blink                    Tloc           N/A          1%          2
 Call Imp                 Summ           27%          1%          2
 Slow                     Hex            27%          1%          2
 Call Canine Familiar     Summ           27%          1%          3
 Conjure Flame            Conj/Fire      27%          1%          3
 Frozen Ramparts          Ice            54%          1%          3
 Lesser Beckoning         Tloc           13%          1%          3
 Mephitic Cloud           Conj/Pois/Air  27%          1%          3
 Ozocubu's Armour         Ice            27%          1%          3
 Summon Guardian Golem    Hex/Summ       27%          1%          3
 Tukima's Dance           Hex            27%          1%          3
 Cause Fear               Hex            13%          4%          4
 Hailstorm                Conj/Ice       27%          4%          4
 Summon Ice Beast         Ice/Summ       27%          4%          4
 Summon Lightning Spire   Summ/Air       27%          4%          4
 Alistair's Intoxication  Tmut/Pois      18%          12%         5
 Irradiate                Conj/Tmut      13%          12%         5
 Silence                  Hex/Air        13%          12%         5
 Summon Demon             Summ           13%          12%         5
 Summon Forest            Summ/Tloc      13%          12%         5
 Summon Mana Viper        Hex/Summ       27%          12%         5
 Yara's Violent Unravell  Hex/Tmut       13%          12%         5
 Hydra Form               Tmut           13%          54%         6
 Invisibility             Hex            27%          54%         6
 Shadow Creatures         Summ           N/A          54%         6
 Statue Form              Tmut/Erth      18%          54%         6
 Dragon Form              Tmut           13%          98%         7
 Summon Hydra             Summ           13%          98%         7
 Discord                  Hex            13%          100%        8


Dungeon Overview and Level Annotations

Branches:
Dungeon (14/15)            Temple (0/1) D:4            Lair (6/6) D:11
  Swamp (4/4) Lair:2       Spider (4/4) Lair:3        Slime (0/5) Lair:5
    Orc (2/2) D:10            Elf (0/3) Orc:2        Vaults (0/5) D:14
Gauntlet (visited)

Altars:
Cheibriados
Fedhas
Gozag
Hepliaklqana
Kikubaaqudgha
Makhleb
Okawaru
Qazlal
Ru
Sif Muna
Vehumet
Xom
The Shining One
Beogh

Shops:
D:10 !   D:11 *   D:13 =!}   Orc:2 :}(?[

Portals:
Trove: D:14 (give +4 storm dragon scales)


Innate Abilities, Weirdness & Mutations

Your experience applies equally to all skills.
You have very sharp teeth.
Your uncanny sense of smell can sniff out nearby items.
Your life essence is reduced to manifest your ancestor. (-10% HP)
Your system is resistant to poisons. (rPois)
Your natural rate of healing is unusually fast.
You are robust. (+10% HP)


Message History

You are too berserk!
You slash the emperor scorpion!
Lightning courses through the emperor scorpion!
The emperor scorpion is heavily wounded.
You block the emperor scorpion's attack.
The emperor scorpion claws you but does no damage.
You block the emperor scorpion's attack.
The spark wasp stings you but does no damage.
Unknown command.
You hit the spark wasp.
The spark wasp is severely wounded.
You block the emperor scorpion's attack.
The emperor scorpion barely misses you.
You block the emperor scorpion's attack. x2
The emperor scorpion misses you. x2
Unknown command.
You slash the spark wasp!
The spark wasp is almost dead.
You block the spark wasp's attack. The emperor scorpion stings you!
You die...

##### #≈.≈### ###
#####....y#######≈≈##
###≈..≈.≈s@...≈≈#≈≈≈...
######^.^...##ss##≈...≈≈≈..
##≈≈≈#≈...#..##.y###≈^.≈##.
≈≈≈≈≈...≈#####^..# ##...≈#
.≈##.....# #.^## #....#
###....^## #''# ##≈.^##
###.^.### ^##.y ##≈..##
#≈..≈## .. y..#####.^.#
≈..≈.# ∆ ^.. .^##.^#.).#


You could see 3 emperor scorpions, a spark wasp and a hornet.

Vanquished Creatures
  Asterion (Spider:1)
  Gastronok (Lair:1)
  Kirke (Spider:1)
  2 emperor scorpions
  3 ghost moths
  Aizul (Spider:1)
  The ghost of Vanger27 the Cleaver, a journeyman DsFi of Okawaru (Orc:1)
  A minotaur (Gauntlet)
  A spark wasp (Spider:3)
  3 eleionomae
  2 bunyips
  A shambling mangrove (Swamp:4)
  Erolcha (Orc:2)
  A deep elf high priest (D:14)
  An ogre mage (Orc:2)
  A vault guard (D:14)
  3 centaur warriors
  A catoblepas (Lair:4)
  21 hydras
  3 boulder beetles
  2 two-headed ogres
  A dancing weapon (Orc:1)
  2 ghost crabs
  15 alligators
  A spriggan berserker (Swamp:4)
  Nergalle (Lair:4)
  Sonja (D:12)
  A fire crab (shapeshifter) (D:14)
  4 goliath frogs
  A skeletal warrior (D:14)
  An unseen horror (D:14)
  10 bog bodies
  8 swamp dragons (Swamp:4)
  A lindwurm (Lair:3)
  Pikel (D:3)
  An orc knight (D:13)
  A wizard (D:14)
  6 ugly things
  A deep elf mage (D:10)
  25 wolf spiders
  9 orc sorcerers
  A manticore (shapeshifter) (Gauntlet)
  11 orb spiders
  4 slime creatures
  2 will-o-the-wisps
  4 cyclopes
  3 manticores
  2 moths of wrath
  2 elephants (Lair:3)
  7 black mambas
  Joseph (D:9)
  4 gargoyles
  A torpor snail (Lair:1)
  18 cane toads
  2 rime drakes
  9 komodo dragons
  3 demonic crawlers
  A yaktaur (D:14)
  A queen bee (Gauntlet)
  A meliai (D:14)
  3 trolls
  22 jumping spiders
  10 tyrant leeches
  A polar bear (Lair:3)
  Prince Ribbit (D:5)
  11 hornets
  13 dream sheep
  21 blink frogs
  Sigmund (D:5)
  91 redbacks
  21 tarantellas
  6 spriggans
  A hog (Spider:1)
  A wraith (D:14)
  A yak (shapeshifter) (Gauntlet)
  Grum (Lair:1)
  3 fire bats (Lair:2)
  10 wyverns
  43 yaks
  Eustachio (D:4)
  10 humans
  A steam dragon (D:8)
  13 vampire mosquitoes
  5 basilisks
  2 wargs
  A soldier ant (D:12)
  14 swamp worms
  14 water moccasins
  A floating eye (D:14)
  6 sky beasts
  20 orc warriors
  3 ice beasts
  9 swamp drakes
  5 black bears
  A hornet zombie (D:12)
  A necrophage (D:12)
  2 wolves (Lair:1)
  19 centaurs
  12 ogres
  A lemure (D:3)
  2 big kobolds
  35 bullfrogs
  2 wyvern skeletons
  3 hexers
  2 scorpions
  13 killer bees
  3 howler monkeys
  14 wights
  3 electric eels
  4 centaur zombies
  A quasit (D:9)
  16 orc priests
  3 centaur skeletons
  A bullfrog zombie (D:11)
  8 hounds
  11 jellies
  4 bullfrog skeletons
  29 orc wizards
  3 iguanas
  Ijyb (D:3)
  Natasha (thrice) (D:2)
  9 worker ants
  A howler monkey skeleton (D:10)
  2 worker ant zombies
  21 adders
  A shadow imp (D:9)
  2 white imps
  An ufetubus (D:4)
  12 oozes
  An adder skeleton (D:6)
  3 worms (D:2)
  4 dart slugs
  8 leopard geckos
  66 orcs
  5 bats
  3 giant cockroaches
  3 goblins
  6 hobgoblins
  10 jackals
  16 kobolds
  10 quokkas
  3 ball pythons
  A ball python skeleton (D:6)
  6 frilled lizards
  A quokka zombie (D:8)
  5 rats
983 creatures vanquished.

Vanquished Creatures (collateral kills)
  Arachne (Spider:4)
  Agnes (Spider:1)
  A ghost moth (Spider:3)
  An orc warlord (Orc:1)
  A vault guard (D:14)
  5 hydras
  A catoblepas (D:14)
  A centaur warrior (D:12)
  Erica (D:8)
  2 alligators
  A spriggan berserker (Swamp:4)
  2 bog bodies
  A swamp dragon (Swamp:4)
  4 wolf spiders
  An ugly thing (D:13)
  A salamander (Lair:2)
  2 orc sorcerers (Orc:2)
  A will-o-the-wisp (Swamp:4)
  4 elephants (Lair:3)
  A guardian serpent (shapeshifter) (Gauntlet)
  3 cane toads
  Maggie (Lair:1)
  3 demonic crawlers
  2 komodo dragons
  2 trolls
  4 jumping spiders
  3 tyrant leeches
  2 slime creatures
  Grinder (D:6)
  A dream sheep (Lair:5)
  3 blink frogs
  14 redbacks
  A wyvern (D:9)
  A spriggan (Swamp:2)
  4 tarantellas
  9 yaks
  A human (D:14)
  3 vampire mosquitoes
  Menkaure (D:4)
  A warg (Orc:1)
  A swamp worm (Swamp:1)
  2 water moccasins
  A sky beast (D:11)
  2 swamp drakes
  4 orc warriors
  An ice beast (D:11)
  An ogre (Orc:2)
  A centaur (D:8)
  2 big kobolds
  8 bullfrogs
  A scorpion (D:6)
  A killer bee (D:9)
  2 wights
  An orc priest (Orc:2)
  3 jellies
  A bullfrog skeleton (D:5)
  15 orc wizards
  3 worker ants
  A white imp (D:7)
  3 oozes (Lair:1)
  A leopard gecko (D:9)
  13 orcs
  2 kobolds
163 creatures vanquished.

Vanquished Creatures (others)
  A will-o-the-wisp (Swamp:3)
  A tyrant leech (Swamp:4)
  A bloated husk (Swamp:3)
  2 hornets (Swamp:3)
  A shadow (D:14)
  2 humans
  A tarantella (Spider:1)
  19 hexers
  An ancestor (D:4)
  26 foxfires
  69 fungi
  131 plants
  3 withered plants (D:2)
258 creatures vanquished.

Grand Total: 1404 creatures vanquished

Notes
Turn   | Place    | Note
-------+----------+-------------------------------------------
     0 | D:1      | Reached skill level 10 in Fighting
     0 | D:1      | Destapler the Gnoll Wanderer began the quest for the Orb.
     0 | D:1      | Destapler set off with the following items: a +2 falchion,
                  | a potion of lignification, a potion of curing, a +0 robe
     0 | D:1      | Reached XP level 1. HP: 28/28 MP: 1/1
   271 | D:1      | Reached XP level 2. HP: 36/36 MP: 2/2
  1047 | D:1      | Reached XP level 3. HP: 42/42 MP: 3/3
  1313 | D:2      | Noticed Natasha
  1318 | D:2      | Killed Natasha
  1319 | D:2      | Reached skill level 1 in Short Blades
  1319 | D:2      | Reached skill level 1 in Axes
  1319 | D:2      | Reached skill level 1 in Maces & Flails
  1319 | D:2      | Reached skill level 1 in Polearms
  1319 | D:2      | Reached skill level 1 in Staves
  1319 | D:2      | Reached skill level 1 in Slings
  1319 | D:2      | Reached skill level 1 in Crossbows
  1319 | D:2      | Reached skill level 1 in Armour
  1319 | D:2      | Reached skill level 1 in Dodging
  1319 | D:2      | Reached skill level 1 in Unarmed Combat
  1319 | D:2      | Reached skill level 1 in Spellcasting
  1319 | D:2      | Reached skill level 1 in Invocations
  1319 | D:2      | Reached skill level 1 in Evocations
  1321 | D:2      | Reached XP level 4. HP: 38/48 MP: 3/5
  1453 | D:2      | Noticed Natasha
  1458 | D:2      | Killed Natasha
  1459 | D:2      | Reached skill level 1 in Conjurations
  1459 | D:2      | Reached skill level 1 in Hexes
  1459 | D:2      | Reached skill level 1 in Summonings
  1459 | D:2      | Reached skill level 1 in Necromancy
  1459 | D:2      | Reached skill level 1 in Translocations
  1459 | D:2      | Reached skill level 1 in Transmutations
  1459 | D:2      | Reached skill level 1 in Fire Magic
  1459 | D:2      | Reached skill level 1 in Ice Magic
  1459 | D:2      | Reached skill level 1 in Air Magic
  1459 | D:2      | Reached skill level 1 in Earth Magic
  1459 | D:2      | Reached skill level 1 in Poison Magic
  1550 | D:2      | Noticed Natasha
  1559 | D:2      | Killed Natasha
  1560 | D:2      | Reached XP level 5. HP: 50/54 MP: 6/6
  1866 | D:2      | Found a blossoming altar of Fedhas.
  1866 | D:2      | Found an ancient bone altar of Kikubaaqudgha.
  2045 | D:3      | Found a hazy altar of Hepliaklqana.
  2046 | D:3      | Found a glowing golden altar of the Shining One.
  2047 | D:3      | Found a shimmering blue altar of Sif Muna.
  2172 | D:3      | Found a stormy altar of Qazlal.
  2345 | D:3      | Became a worshipper of Hepliaklqana the Forgotten
  2507 | D:3      | Noticed Ijyb
  2516 | D:3      | Killed Ijyb
  2517 | D:3      | Reached XP level 6. HP: 39/54 MP: 8/8
  2759 | D:4      | Found a staircase to the Ecumenical Temple.
  2764 | D:4      | Noticed Menkaure
  2770 | D:4      | Killed Menkaure
  2786 | D:4      | Noticed an orc warrior
  2831 | D:4      | HP: 1/54 [orc warrior/+0 long sword (5)]
  2833 | D:4      | Killed an orc warrior
  2834 | D:4      | Reached XP level 7. HP: 2/60 MP: 10/10
  3331 | D:4      | Noticed Eustachio
  3354 | D:4      | Killed Eustachio
  3466 | D:4      | Noticed Pikel
  3469 | D:4      | Paralysed by Pikel for 6 turns
  3488 | D:4      | Paralysed by Pikel for 3 turns
  3507 | D:3      | Killed Pikel
  3508 | D:3      | Reached XP level 8. HP: 53/66 MP: 12/12
  3793 | D:5      | Entered Level 5 of the Dungeon
  3811 | D:5      | Reached * piety under Hepliaklqana
  3821 | D:5      | Noticed Prince Ribbit
  4350 | D:5      | Reached skill level 11 in Fighting
  4443 | D:5      | Noticed Sigmund
  4450 | D:5      | Killed Sigmund
  4451 | D:5      | Reached XP level 9. HP: 72/72 MP: 14/14
  4523 | D:5      | Killed Prince Ribbit
  4581 | D:6      | Reached ** piety under Hepliaklqana
  4582 | D:6      | Remembered your ancestor TrollFace as a hexer
  4583 | D:6      | Upgraded the game from 0.26.0-20-g3ca415f5b8 to
                  | 0.26.0-45-g9c1d065592
  4590 | D:6      | Noticed Grinder
  4599 | D:6      | Killed Grinder
  4600 | D:6      | Reached skill level 5 in Long Blades
  4600 | D:6      | Reached skill level 5 in Bows
  4600 | D:6      | Reached skill level 5 in Throwing
  4600 | D:6      | Reached skill level 5 in Shields
  4856 | D:6      | Reached skill level 5 in Stealth
  5329 | D:6      | Reached skill level 5 in Invocations
  5706 | D:7      | Reached XP level 10. HP: 67/79 MP: 17/17
  6097 | D:7      | Reached skill level 5 in Short Blades
  6097 | D:7      | Reached skill level 5 in Axes
  6097 | D:7      | Reached skill level 5 in Maces & Flails
  6097 | D:7      | Reached skill level 5 in Polearms
  6097 | D:7      | Reached skill level 5 in Staves
  6097 | D:7      | Reached skill level 5 in Slings
  6097 | D:7      | Reached skill level 5 in Crossbows
  6097 | D:7      | Reached skill level 5 in Armour
  6097 | D:7      | Reached skill level 5 in Dodging
  6097 | D:7      | Reached skill level 5 in Unarmed Combat
  6097 | D:7      | Reached skill level 5 in Spellcasting
  6097 | D:7      | Reached skill level 5 in Evocations
  7054 | D:8      | Reached *** piety under Hepliaklqana
  7480 | D:8      | Noticed a two-headed ogre
  7482 | D:8      | Noticed Erica
  7488 | D:8      | Killed a two-headed ogre
  7494 | D:8      | Killed Erica
  7772 | D:8      | Found an opulent altar of Gozag.
  8121 | D:9      | Noticed a gargoyle
  8123 | D:9      | Killed a gargoyle
  8124 | D:9      | Reached XP level 11. HP: 83/85 MP: 19/19
  8173 | D:9      | Noticed Joseph
  8184 | D:9      | Killed Joseph
  8196 | D:9      | Reached skill level 5 in Conjurations
  8196 | D:9      | Reached skill level 5 in Hexes
  8196 | D:9      | Reached skill level 5 in Summonings
  8196 | D:9      | Reached skill level 5 in Necromancy
  8196 | D:9      | Reached skill level 5 in Translocations
  8196 | D:9      | Reached skill level 5 in Transmutations
  8196 | D:9      | Reached skill level 5 in Fire Magic
  8196 | D:9      | Reached skill level 5 in Ice Magic
  8196 | D:9      | Reached skill level 5 in Air Magic
  8196 | D:9      | Reached skill level 5 in Earth Magic
  8196 | D:9      | Reached skill level 5 in Poison Magic
  8247 | D:9      | Found a burning altar of Makhleb.
  8798 | D:10     | Entered Level 10 of the Dungeon
  8837 | D:10     | Noticed a two-headed ogre
  8844 | D:10     | Killed a two-headed ogre
  8949 | D:10     | Noticed a deep elf mage
  8959 | D:10     | Killed a deep elf mage
  8965 | D:10     | Noticed a centaur warrior
  8985 | D:10     | Killed a centaur warrior
  8986 | D:10     | Reached skill level 12 in Fighting
  9348 | D:10     | Found Zoipal's Distillery.
  9438 | D:10     | Reached **** piety under Hepliaklqana
  9835 | D:10     | Found a staircase to the Orcish Mines.
  9906 | D:10     | Noticed a manticore
  9911 | D:10     | Killed a manticore
 10005 | D:11     | Noticed a cyan ugly thing
 10019 | D:11     | Killed a cyan ugly thing
 10153 | D:11     | Noticed a brown ugly thing
 10166 | D:11     | Killed a brown ugly thing
 10179 | D:11     | Reached XP level 12. HP: 81/91 MP: 22/22
 10750 | D:11     | Found a staircase to the Lair.
 10943 | D:11     | Found Ygepn's Assorted Antiques.
 10947 | D:11     | Gained mutation: Your system is resistant to poisons.
                  | (rPois) [potion of mutation]
 10947 | D:11     | Gained mutation: Your natural rate of healing is unusually
                  | fast. [potion of mutation]
 10947 | D:11     | Gained mutation: You are robust. (+10% HP) [potion of
                  | mutation]
 11450 | D:11     | Bought 2 potions of heal wounds for 190 gold pieces
 11450 | D:11     | Bought a shiny marble ring for 95 gold pieces
 11450 | D:11     | Bought a fading halberd for 171 gold pieces
 11450 | D:11     | Identified the +4 halberd "Destapler's Death" {freeze,
                  | rElec} (You bought it in a shop on level 11 of the Dungeon)
 11493 | Lair:1   | Entered Level 1 of the Lair of Beasts
 11514 | Lair:1   | Found a gate leading to a gauntlet.
 11519 | Gauntlet | Entered a Gauntlet
 11519 | Gauntlet | Found a transporter.
 11519 | Gauntlet | Found a transporter.
 11520 | Gauntlet | Found a transporter.
 11523 | Gauntlet | Found a transporter.
 11523 | Gauntlet | Found a transporter.
 11525 | Gauntlet | Noticed a catoblepas
 11536 | Gauntlet | Reached ***** piety under Hepliaklqana
 11537 | Gauntlet | Found a transporter.
 11539 | Gauntlet | Found a transporter.
 11547 | Gauntlet | Found a transporter.
 11551 | Gauntlet | Noticed a shock serpent
 11551 | Gauntlet | a mana viper changed into a shock serpent
 11553 | Gauntlet | a shock serpent changed into a dream sheep
 11557 | Gauntlet | Found a transporter.
 11557 | Gauntlet | Noticed a two-headed ogre
 11557 | Gauntlet | a dream sheep changed into a two-headed ogre
 11571 | Gauntlet | Found a transporter.
 11575 | Gauntlet | Found a transporter.
 11589 | Gauntlet | Found a transporter.
 11662 | Gauntlet | Noticed a two-headed ogre
 11662 | Gauntlet | a mana viper changed into a two-headed ogre
 11680 | Gauntlet | a two-headed ogre changed into a deep troll
 11683 | Gauntlet | Noticed a shock serpent
 11683 | Gauntlet | a deep troll changed into a shock serpent
 11686 | Gauntlet | a shock serpent changed into a glowing orange brain
 11891 | Gauntlet | Noticed a spark wasp
 11891 | Gauntlet | a slime creature changed into a spark wasp
 11904 | Gauntlet | Noticed an ettin
 11904 | Gauntlet | a spark wasp changed into an ettin
 11905 | Gauntlet | Noticed a seven-headed hydra
 11905 | Gauntlet | an ettin changed into a seven-headed hydra
 11907 | Gauntlet | Noticed a minotaur
 11907 | Gauntlet | a seven-headed hydra changed into a minotaur
 11911 | Gauntlet | Noticed a stone giant
 11911 | Gauntlet | a minotaur changed into a stone giant
 11928 | Gauntlet | Noticed an iron troll
 11928 | Gauntlet | a stone giant changed into an iron troll
 11929 | Gauntlet | Noticed an alligator snapping turtle
 11929 | Gauntlet | an iron troll changed into an alligator snapping turtle
 11932 | Gauntlet | Noticed a death yak
 11932 | Gauntlet | an alligator snapping turtle changed into a death yak
 11933 | Gauntlet | Noticed an emperor scorpion
 11933 | Gauntlet | a death yak changed into an emperor scorpion
 12048 | Gauntlet | Identified the ring of Zoostroo {rF+ AC+4 Dex+2 Stlth-}
 12048 | Gauntlet | Noticed a minotaur
 12067 | Gauntlet | Killed a minotaur
 12110 | Gauntlet | Got an agate-encrusted scale mail
 12142 | Lair:1   | Identified the +8 scale mail of Ru's Whim {Regen+} (You
                  | found it in a Gauntlet)
 12505 | Lair:1   | Noticed Grum
 12516 | Lair:1   | Killed Grum
 12657 | Lair:1   | Noticed Maggie
 12667 | Lair:1   | Killed Maggie
 12828 | Lair:1   | Noticed Gastronok
 12839 | Lair:1   | Killed Gastronok
 12840 | Lair:1   | Reached XP level 13. HP: 109/109 MP: 24/24
 13312 | Lair:2   | Found a staircase to the Swamp.
 13417 | Lair:2   | Found a snail-covered altar of Cheibriados.
 14163 | Lair:3   | Reached skill level 13 in Fighting
 14185 | Lair:3   | Found a hole to the Spider Nest.
 14630 | Lair:3   | Found an iron altar of Okawaru.
 15098 | Lair:4   | Reached XP level 14. HP: 118/118 MP: 26/26
 15301 | Lair:4   | Noticed Nergalle
 15310 | Lair:4   | Killed Nergalle
 15760 | Lair:5   | Found a sacrificial altar of Ru.
 15949 | Lair:5   | Found a staircase to the Slime Pits.
 16205 | Lair:5   | Reached ****** piety under Hepliaklqana
 16543 | Lair:6   | Entered Level 6 of the Lair of Beasts
 16568 | Lair:6   | Reached skill level 10 in Invocations
 17207 | Lair:6   | Reached skill level 10 in Long Blades
 17207 | Lair:6   | Reached skill level 10 in Bows
 17207 | Lair:6   | Reached skill level 10 in Throwing
 17207 | Lair:6   | Reached skill level 10 in Shields
 17380 | Lair:6   | Reached skill level 10 in Stealth
 17390 | Lair:6   | Reached XP level 15. HP: 50/124 MP: 11/28
 18032 | Orc:1    | Entered Level 1 of the Orcish Mines
 18041 | Orc:1    | Noticed an orc warlord
 18057 | Orc:1    | Killed an orc warlord
 18100 | Orc:1    | Found a roughly hewn altar of Beogh.
 18319 | Orc:2    | Entered Level 2 of the Orcish Mines
 18449 | Orc:2    | Paralysed by an orc sorcerer for 7 turns
 18536 | Orc:2    | Found Nearowa's Gadget Boutique.
 18581 | Orc:2    | Found an ancient bone altar of Kikubaaqudgha.
 18616 | Orc:2    | Found Udghimnu's Magic Scroll Boutique.
 18639 | Orc:2    | Noticed Erolcha
 18642 | Orc:2    | Found a radiant altar of Vehumet.
 18650 | Orc:2    | Killed Erolcha
 18659 | Orc:2    | Bought a scroll of enchant weapon for 90 gold pieces
 18659 | Orc:2    | Bought a scroll of enchant weapon for 90 gold pieces
 18659 | Orc:2    | Bought a scroll of identify for 24 gold pieces
 18659 | Orc:2    | Bought a scroll of enchant weapon for 90 gold pieces
 18786 | Orc:2    | Found Arhit's Armour Emporium.
 18862 | Orc:2    | Found a staircase to the Elven Halls.
 18935 | Orc:2    | Paralysed by an orc sorcerer for 7 turns
 19044 | Orc:1    | Found a runed translucent door.
 19048 | Orc:1    | Found a shimmering altar of Xom.
 19048 | Orc:1    | Noticed Vanger27's ghost (journeyman DsFi)
 19172 | Orc:1    | Reached skill level 10 in Short Blades
 19172 | Orc:1    | Reached skill level 10 in Axes
 19172 | Orc:1    | Reached skill level 10 in Maces & Flails
 19172 | Orc:1    | Reached skill level 10 in Polearms
 19172 | Orc:1    | Reached skill level 10 in Staves
 19172 | Orc:1    | Reached skill level 10 in Slings
 19172 | Orc:1    | Reached skill level 10 in Crossbows
 19172 | Orc:1    | Reached skill level 10 in Armour
 19172 | Orc:1    | Reached skill level 10 in Dodging
 19172 | Orc:1    | Reached skill level 10 in Unarmed Combat
 19172 | Orc:1    | Reached skill level 10 in Spellcasting
 19172 | Orc:1    | Reached skill level 10 in Evocations
 19346 | Orc:1    | Killed Vanger27's ghost
 19564 | Orc:2    | Found a roughly hewn altar of Beogh.
 19564 | Orc:2    | Found Wacoczos's Book Shop.
 19599 | Orc:2    | Found Jovos's Antique Weapon Shop.
 20157 | D:12     | Noticed Sonja
 20160 | D:12     | Killed Sonja
 20746 | D:13     | Found Elynwuck's Distillery.
 20768 | D:13     | Bought a potion of curing for 54 gold pieces
 20768 | D:13     | Bought a potion of haste for 180 gold pieces
 20768 | D:13     | Bought a potion of invisibility for 144 gold pieces
 20825 | D:13     | Found Wufac's Jewellery Shoppe.
 20894 | D:13     | Found Udghoununn's Gadget Shop.
 20900 | D:13     | Bought a wand of disintegration (13) for 187 gold pieces
 21081 | D:14     | Reached skill level 14 in Fighting
 21094 | D:14     | Paralysed by a floating eye for 4 turns
 21101 | D:14     | Paralysed by a floating eye for 2 turns
 21114 | D:14     | Paralysed by a floating eye for 4 turns
 21449 | D:14     | Found a portal to a secret trove of treasure.
 21779 | D:14     | Reached XP level 16. HP: 129/133 MP: 26/30
 22061 | D:14     | Identified a scroll of acquirement
 22061 | D:14     | Acquired the amulet "Xuducroq" {rPois rN+ Regen+ Int-3}
 22430 | D:14     | Found a gate to the Vaults.
 22708 | D:11     | Bought a shimmering plate armour for 532 gold pieces
 22718 | D:11     | Identified the cursed +0 plate armour of the Stone Wall
                  | {rN+ Will+ Int+4} (You bought it in a shop on level 11 of
                  | the Dungeon)
 22819 | Swamp:1  | Entered Level 1 of the Swamp
 22930 | D:13     | Bought an uncursed ring of resist corrosion for 300 gold
                  | pieces
 23305 | Spider:1 | Entered Level 1 of the Spider Nest
 23345 | Spider:1 | Noticed Kirke
 23381 | Spider:1 | Noticed a sphinx
 23382 | Spider:1 | Killed Kirke
 23720 | Spider:1 | Noticed Aizul
 23746 | Spider:1 | Killed Aizul
 23996 | Spider:1 | Noticed Agnes
 24006 | Spider:1 | Killed Agnes
 24420 | Spider:1 | Noticed Asterion
 24439 | Spider:1 | Killed Asterion
 24619 | D:11     | Bought a scroll of enchant armour for 142 gold pieces
 25096 | Swamp:1  | Reached XP level 17. HP: 140/140 MP: 32/32
 26352 | Swamp:3  | Acquired the +1 pair of boots of Xodas {+Blink +Inv rC-
                  | SInv}
 26754 | Swamp:3  | Got a twisted long sword
 26755 | Swamp:3  | Identified the +6 long sword "Arbiter" {freeze, Int+4} (You
                  | found it on level 3 of the Swamp)
 26844 | Swamp:4  | Entered Level 4 of the Swamp
 27086 | Swamp:4  | Got a translucent hand crossbow
 27092 | Swamp:4  | Identified the +4 hand crossbow "Noecen Murph" {venom,
                  | Stlth+} (You found it on level 4 of the Swamp)
 28407 | Swamp:4  | Reached skill level 10 in Conjurations
 28407 | Swamp:4  | Reached skill level 10 in Hexes
 28407 | Swamp:4  | Reached skill level 10 in Summonings
 28407 | Swamp:4  | Reached skill level 10 in Necromancy
 28407 | Swamp:4  | Reached skill level 10 in Translocations
 28407 | Swamp:4  | Reached skill level 10 in Transmutations
 28407 | Swamp:4  | Reached skill level 10 in Fire Magic
 28407 | Swamp:4  | Reached skill level 10 in Ice Magic
 28407 | Swamp:4  | Reached skill level 10 in Air Magic
 28407 | Swamp:4  | Reached skill level 10 in Earth Magic
 28407 | Swamp:4  | Reached skill level 10 in Poison Magic
 28719 | Swamp:4  | Reached skill level 15 in Fighting
 28881 | Swamp:4  | Reached XP level 18. HP: 140/149 MP: 33/33
 29107 | Swamp:4  | Got a decaying rune of Zot
 31308 | Spider:4 | Entered Level 4 of the Spider Nest
 31611 | Spider:4 | Noticed Arachne
 31833 | Spider:4 | Killed Arachne
 32100 | Spider:4 | HP: 5/213 [spark wasp (19)]
 32100 | Spider:4 | HP: 1/213 [spark wasp (4)]
 32103 | Spider:4 | Mangled by an emperor scorpion

Illustrated notes

Levels and vault maps discovered:
D:1:      amcnicky_arrival_flooded_fountain, layout_basic
D:2:      layout_loops_cross, grunt_temple_overflow_growth_and_decay,
          uniq_natasha
D:3:      layout_loops_ring, lemuel_crystal_altar,
          chequers_temple_overflow_statue_of_worship, uniq_ijyb
D:4:      layout_basic, minmay_temple_entry_slanted, kennysheep_doodads,
          hangedman_decor_clover_reticule, roderic_serpentine_path, uniq_pikel,
          uniq_eustachio, uniq_menkaure
D:5:      layout_gridville, kennysheep_minor_cross, kennysheep_dice,
          uniq_prince_ribbit1, uniq_sigmund
D:6:      layout_basic, uniq_grinder
D:7:      layout_basic
D:8:      layout_basic, minivault_23, nicolae_gozag_seed_capital, uniq_erica
D:9:      layout_rooms, overflow_temple_1_default, uniq_joseph
D:10:     minmay_distorted_concentric_squares, layout_basic, orc_0_dummy,
          serial_shops, shop
D:11:     layout_gridville, due_lair_maze_entry_diamond, serial_shops,
          kennysheep_mini, grunt_ministairs_12
D:12:     layout_cave_pools, uniq_sonja
D:13:     layout_gridville, serial_shops, nicolae_shop_stone,
          nicolae_shop_behind_doors, shop
D:14:     nzn_winding_woodlands_three_and_one [nzn_winding_woodlands_5x15_pool,
          nzn_winding_woodlands_5x15_eye,
          nzn_winding_woodlands_5x15_lazy_stream,
          nzn_winding_woodlands_center_pierced_h], layout_stronghold,
          ximxim_vaults_locker_room, enter_trove_1, onia_ninara_cookie
Lair:1:   lemuel_slime, layout_regular_city, gauntlet_entry_generic,
          serial_rivers, chequers_serial_rivers_micro_e,
          chequers_serial_rivers_room_a, chequers_serial_rivers_room_b,
          chequers_serial_rivers_large_a, chequers_serial_rivers_small_3,
          uniq_maggie, uniq_gastronok, uniq_grum
Lair:2:   layout_gridlike, minmay_swamp_entry_worms, basic_altar,
          grunt_megastairs_3, serial_bayou_shore_b
Lair:3:   layout_hall_layers, spider_nest_entry_web_field, lemuel_centaur_altar,
          lemuel_fruit_tree, serial_bayou_shore_a, grunt_megastairs_5
Lair:4:   layout_gridlike, st_stairs_4, grunt_megastairs_2, uniq_nergalle
Lair:5:   layout_gridlike, dpeg_slime_entry_corner, basic_altar
Lair:6:   minmay_lair_end_frog_pond, layout_hall_layers,
          chequers_serial_rivers_micro_c
Swamp:1:  layout_basic_swamp, evilmike_swamp_ruin_rubble_2, swamp_pool3
Swamp:2:  layout_basic_swamp, evilmike_swamp_ruin_house_1, swamp_pool5
Swamp:3:  layout_basic_swamp, evilmike_swamp_ruin_house_3
Swamp:4:  swamp_basic_johnstein, layout_basic_swamp
Spider:1: layout_spider_delve, uniq_asterion, uniq_kirke, uniq_aizul, uniq_agnes
Spider:2: layout_spider_delve, drop_trap
Spider:3: layout_spider_delve, spiders_nest_hornet_nest
Spider:4: spider_rune_water, uniq_arachne
Orc:1:    nicolae_orc_accident_2, layout_caves, ebering_ghost_xom
Orc:2:    kennysheep_orc_mage_school, layout_diamond_mine, serial_shops,
          nicolae_shop_statue_plus

Skill      XL: |  1  2  3  4  5  6  7  8  9 10 11 12 13 14 15 16 17 18 |
---------------+-------------------------------------------------------+-----
Fighting       | 11 12 13 14 15 | 15.4
Short Blades   | 1 2 3 4 5 6 7 8 9 10 11 12 | 12.3
Axes           | 1 2 3 4 5 6 7 8 9 10 11 12 | 12.3
Maces & Flails | 1 2 3 4 5 6 7 8 9 10 11 12 | 12.3
Polearms       | 1 2 3 4 5 6 7 8 9 10 11 12 | 12.3
Staves         | 1 2 3 4 5 6 7 8 9 10 11 12 | 12.3
Slings         | 1 2 3 4 5 6 7 8 9 10 11 12 | 12.3
Crossbows      | 1 2 3 4 5 6 7 8 9 10 11 13 | 13.9
Armour         | 1 2 3 4 5 6 7 8 9 10 11 12 | 12.3
Dodging        | 1 2 3 4 5 6 7 8 9 10 11 12 | 12.3
Unarmed Combat | 1 2 3 4 5 6 7 8 9 10 11 12 | 12.3
Spellcasting   | 1 2 3 4 5 6 7 8 9 10 11 12 | 12.3
Invocations    | 1 2 3 4 5 6 7 8 9 10 11 12 13 | 13.3
Evocations     | 1 2 3 4 5 6 7 8 9 10 11 12 | 12.3
Conjurations   | 1 2 3 4 5 6 7 8 9 10 | 10.6
Hexes          | 1 2 3 4 5 6 7 8 9 10 | 10.6
Summonings     | 1 2 3 4 5 6 7 8 9 10 | 10.6
Necromancy     | 1 2 3 4 5 6 7 8 9 10 | 10.6
Translocations | 1 2 3 4 5 6 7 8 9 10 | 10.6
Transmutations | 1 2 3 4 5 6 7 8 9 10 | 10.6
Fire Magic     | 1 2 3 4 5 6 7 8 9 10 | 10.6
Ice Magic      | 1 2 3 4 5 6 7 8 9 10 | 10.6
Air Magic      | 1 2 3 4 5 6 7 8 9 10 | 10.6
Earth Magic    | 1 2 3 4 5 6 7 8 9 10 | 10.6
Poison Magic   | 1 2 3 4 5 6 7 8 9 10 | 10.6
Long Blades    | 3 4 5 6 7 8 9 10 11 12 | 12.6
Bows           | 3 4 5 6 7 8 9 10 11 12 | 12.6
Throwing       | 3 4 5 6 7 8 9 10 11 12 | 12.6
Shields        | 3 4 5 6 7 8 9 10 11 12 | 12.6
Stealth        | 3 4 5 6 7 8 9 10 11 12 | 12.5

Action                   |  1- 3 |  4- 6 |  7- 9 | 10-12 | 13-15 | 16-18 || total
-------------------------+-------+-------+-------+-------+-------+-------++-------
Melee: Falchion          |    44 |   142 |   213 |   497 |   941 |   933 ||  2770
       Bite              |     3 |    15 |    34 |    97 |   244 |   232 ||   625
       Dagger            |       |     2 |       |       |       |       ||     2
       Punch             |       |       |     6 |    15 |     7 |       ||    28
       Halberd           |       |       |       |    58 |   205 |    30 ||   293
       Staff             |       |       |       |     8 |       |       ||     8
       Demon trident     |       |       |       |       |       |   308 ||   308
 Fire: Hand crossbow     |       |       |       |       |       |   103 ||   103
Throw: Boomerang         |     2 |     3 |       |     4 |       |    22 ||    31
       Dart              |       |       |       |     5 |     3 |     9 ||    17
       Javelin           |       |       |       |     1 |     2 |     7 ||    10
Invok: Ancestor Life: He |       |       |     1 |       |       |       ||     1
       Recall Ancestor   |       |       |       |     1 |       |     2 ||     3
       Transference      |       |       |       |     2 |     4 |     3 ||     9
       Idealise          |       |       |       |       |     3 |     8 ||    11
       Ancestor Identity |       |       |       |       |     1 |       ||     1
 Abil: Evoke Blink       |       |       |       |       |       |     5 ||     5
Evoke: Wand              |       |     1 |     5 |    17 |    18 |    22 ||    63
  Use: Scroll            |       |       |       |    23 |    12 |     5 ||    40
       Potion            |       |       |       |    11 |     2 |    16 ||    29
 Stab: Sleeping          |     3 |     1 |     3 |    10 |     6 |     8 ||    31
       Distracted        |       |       |     1 |    12 |    25 |    30 ||    68
       Confused          |       |       |       |     7 |    19 |    15 ||    41
       Paralysed         |       |       |       |       |    20 |    50 ||    70
       Petrified         |       |       |       |       |     1 |       ||     1
Armor: Robe              |     7 |       |       |       |       |       ||     7
       Scale mail        |     4 |    83 |   126 |   207 |   540 |   669 ||  1629
       Skin              |       |       |       |     6 |       |     4 ||    10
Dodge: Dodged            |    27 |    67 |   158 |   412 |   789 |  1028 ||  2481
Block: Buckler           |       |       |       |       |   291 |    20 ||   311
       Kite shield       |       |       |       |       |       |   936 ||   936
       Rpst.: Falchion   |     7 |    23 |    47 |    95 |   158 |   130 ||   460
